[Event "ICC tourney 2397 (75 10)"]
[Site "Internet Chess Club"]
[Date "2021.02.20"]
[Round "2"]
[White "JunlinTheWorld"]
[Black "soggydollar"]
[Result "1-0"]
[ICCResult "Black resigns"]
[WhiteElo "1860"]
[BlackElo "1790"]
[Opening "English opening"]
[ECO "A20"]
[NIC "EO.24"]
[Time "14:31:57"]
[PlyCount "81"]
[TimeControl "4500+10"]

1. c4 e5 2. g3 f5 3. Bg2 Nf6 4. Nc3 d6 5. e3 Be7 6. Nge2 O-O 7. O-O c6 8.
d4 Qc7 9. Qc2 Be6 10. b3 e4 11. Bb2 Na6 12. a3 d5 13. c5 g5 14. b4 Kh8 15.
Qb3 Nh5 16. g4 Ng7 17. gxf5 Rxf5 18. Ng3 Rf6 19. f3 exf3 20. Bxf3 Raf8 21.
Bg2 Rxf1+ 22. Rxf1 Rxf1+ 23. Nxf1 h5 24. Qc2 Bf6 25. Qf2 Qf7 26. e4 Nc7 27.
Ne3 Bxd4 28. exd5 Qxf2+ 29. Kxf2 Nxd5 30. Bxd5 Bxd5 31. Ke2 Be6 32. Ncd1
Bxb2 33. Nxb2 Nf5 34. Nxf5 Bxf5 35. Nc4 Bg4+ 36. Ke3 Kg7 37. a4 Kf6 38. a5
Ke6 39. Nd6 b6 40. cxb6 axb6 41. a6 { Black resigns } 1-0

[Event "ICC tourney 2397 (75 10)"]
[Site "Internet Chess Club"]
[Date "2021.02.20"]
[Round "2"]
[White "rockinroll"]
[Black "saanvichess"]
[Result "1-0"]
[ICCResult "Black resigns"]
[WhiteElo "1784"]
[BlackElo "1875"]
[Opening "Queen's pawn, Mason variation"]
[ECO "D00"]
[NIC "QP.08"]
[Time "14:31:49"]
[PlyCount "117"]
[TimeControl "4500+10"]

1. d4 d5 2. Bf4 Nf6 3. e3 c5 4. dxc5 Qa5+ 5. Nc3 e6 6. Bb5+ Bd7 7. Bxd7+
Nbxd7 8. a3 Qxc5 9. Nf3 Bd6 10. Bxd6 Qxd6 11. O-O O-O 12. e4 Qc6 13. exd5
exd5 14. Qd4 Nb6 15. Ne5 Qd6 16. Rad1 Rfd8 17. Nb5 Qe7 18. Rfe1 Qf8 19.
Nxa7 Nbd7 20. Nb5 Rac8 21. Nc3 Nxe5 22. Rxe5 Qd6 23. Nxd5 Nxd5 24. Rxd5
Qxd5 25. Qxd5 Rxd5 26. Rxd5 g6 27. c3 Rc6 28. Rb5 Rc7 29. g3 Kg7 30. Kg2
Kf6 31. Rb4 Ke5 32. f4+ Kd6 33. Rd4+ Kc5 34. a4 Kb6 35. Kf2 Re7 36. Rd5 h5
37. b4 Kc6 38. Rc5+ Kb6 39. f5 Re8 40. fxg6 fxg6 41. Rg5 Re6 42. h4 Kc6 43.
g4 hxg4 44. Rxg4 b6 45. Kf3 Kd6 46. Re4 Rf6+ 47. Kg4 Kd5 48. Rf4 Re6 49.
Kg5 Ke5 50. Rc4 Kd5 51. Rd4+ Ke5 52. b5 Rf6 53. Re4+ Kxe4 54. Kxf6 Kd3 55.
a5 bxa5 56. b6 a4 57. b7 a3 58. b8=Q a2 59. Qa8 { Black resigns } 1-0

[Event "ICC tourney 2397 (75 10)"]
[Site "Internet Chess Club"]
[Date "2021.02.20"]
[Round "2"]
[White "elytito2017"]
[Black "USChessNinja"]
[Result "1-0"]
[ICCResult "Black checkmated"]
[WhiteElo "1917"]
[BlackElo "1773"]
[Opening "Sicilian: Canal-Sokolsky attack, 3...Bd7"]
[ECO "B52"]
[NIC "SI.01"]
[Time "14:31:45"]
[PlyCount "87"]
[TimeControl "4500+10"]

1. e4 c5 2. Nf3 d6 3. Bb5+ Bd7 4. Bxd7+ Nxd7 5. O-O Ngf6 6. Qe2 g6 7. c3
Bg7 8. d4 O-O 9. e5 dxe5 10. dxe5 Nd5 11. e6 N7b6 12. Rd1 Qc7 13. a4 a5 14.
Na3 Rad8 15. Nb5 Qb8 16. Bg5 f6 17. Bc1 Nf4 18. Bxf4 Rxd1+ 19. Rxd1 Qxf4
20. b3 c4 21. g3 Qg4 22. Rd4 Qf5 23. bxc4 Nxa4 24. Rd7 Qc5 25. Rxb7 f5 26.
Rc7 Qb6 27. Rxe7 Bf6 28. Rd7 Nxc3 29. Nxc3 Bxc3 30. e7 Re8 31. Qd3 Bb4 32.
Rd8 Qc6 33. Ne5 Qa4 34. Qd5+ Kh8 35. Rxe8+ Qxe8 36. Qd8 Qxd8 37. exd8=Q+
Kg7 38. c5 Bxc5 39. Qc7+ Kf6 40. Nd7+ Kg5 41. Qxc5 h5 42. h4+ Kg4 43. Kg2
f4 44. Qg5# { Black checkmated } 1-0

[Event "ICC tourney 2397 (75 10)"]
[Site "Internet Chess Club"]
[Date "2021.02.20"]
[Round "2"]
[White "MysteryHunter"]
[Black "atevifred"]
[Result "0-1"]
[ICCResult "White resigns"]
[WhiteElo "1732"]
[BlackElo "1803"]
[Opening "Caro-Kann: classical, 6.h4"]
[ECO "B19"]
[NIC "CK.11"]
[Time "14:31:46"]
[PlyCount "76"]
[TimeControl "4500+10"]

1. e4 c6 2. d4 d5 3. Nc3 dxe4 4. Nxe4 Bf5 5. Ng3 Bg6 6. h4 h6 7. Nf3 e6 8.
h5 Bh7 9. Bd3 Bxd3 10. Qxd3 Nd7 11. Bd2 Ngf6 12. O-O-O c5 13. Kb1 Qc7 14.
Ne4 Nxe4 15. Qxe4 Nf6 16. Qe2 c4 17. Bc3 Nd5 18. Qd2 a5 19. Qe1 b5 20. Bd2
b4 21. c3 bxc3 22. Bxc3 Qb6 23. Ka1 Bb4 24. Rb1 O-O 25. g4 f6 26. Nh4 Rfb8
27. Ng6 Qd6 28. f4 Bxc3 29. bxc3 Rxb1+ 30. Kxb1 Rb8+ 31. Ka1 Qb6 32. Qd2 a4
33. Re1 a3 34. Ne7+ Nxe7 35. Qe2 Kh8 36. Qc2 Nd5 37. Re2 Nxc3 38. Re1 Qb2+
{ White resigns } 0-1

[Event "ICC tourney 2397 (75 10)"]
[Site "Internet Chess Club"]
[Date "2021.02.20"]
[Round "2"]
[White "liguowh"]
[Black "apachekid"]
[Result "1-0"]
[ICCResult "Black checkmated"]
[WhiteElo "1972"]
[BlackElo "1816"]
[Opening "Ruy Lopez: Cozio defense"]
[ECO "C60"]
[NIC "RL.04"]
[Time "14:32:14"]
[PlyCount "67"]
[TimeControl "4500+10"]

1. e4 e5 2. Nf3 Nc6 3. Bb5 Nge7 4. O-O g6 5. c3 Bg7 6. d4 exd4 7. cxd4 d5
8. exd5 Nxd5 9. Re1+ Be6 10. Ng5 O-O 11. Nxe6 fxe6 12. Bxc6 bxc6 13. Nd2
Bxd4 14. Nf3 Bg7 15. Rxe6 Qd7 16. Re2 Qg4 17. h3 Qh5 18. Qc2 Rf6 19. Re5
Rf5 20. Qxc6 Rd8 21. Qe6+ Kh8 22. Bg5 Rd6 23. Qc8+ Rf8 24. Re8 Kg8 25. Rae1
Nf6 26. Rxf8+ Bxf8 27. Re6 Rd1+ 28. Kh2 Ng4+ 29. Kg3 Nh6 30. Re8 Nf5+ 31.
Kh2 Nd6 32. Rxf8+ Kg7 33. Rg8+ Kf7 34. Ne5# { Black checkmated } 1-0

[Event "ICC tourney 2397 (75 10)"]
[Site "Internet Chess Club"]
[Date "2021.02.20"]
[Round "2"]
[White "kasraei"]
[Black "karuto2006"]
[Result "0-1"]
[ICCResult "White forfeits on time"]
[WhiteElo "1950"]
[BlackElo "1774"]
[Opening "Queen's pawn: London system"]
[ECO "A45"]
[NIC "QP.07"]
[Time "14:31:52"]
[PlyCount "70"]
[TimeControl "4500+10"]

1. d4 Nf6 2. Bf4 g6 3. Nd2 Bg7 4. e4 O-O 5. e5 Nd5 6. Bg3 d6 7. c4 Nb4 8.
a3 N4c6 9. Ngf3 Nd7 10. Be2 dxe5 11. d5 Nd4 12. O-O Nxf3+ 13. Nxf3 e4 14.
Ng5 Bxb2 15. Ra2 Bg7 16. Nxe4 f5 17. Ng5 Nc5 18. Re1 f4 19. Bh4 h6 20. Bh5
gxh5 21. Qxh5 hxg5 22. Rae2 e6 23. dxe6 Nxe6 24. Rxe6 Bxe6 25. Bxg5 Qe8 26.
Qe2 Bxc4 27. Qxc4+ Qf7 28. Qb4 Rae8 29. Rc1 f3 30. gxf3 Qxf3 31. Be3 Rxe3
32. Qc4+ Rf7 33. Qh4 Re8 34. Rb1 Bd4 35. Qg5+ Rg7 { White forfeits on time
} 0-1

[Event "ICC tourney 2397 (75 10)"]
[Site "Internet Chess Club"]
[Date "2021.02.20"]
[Round "2"]
[White "GrandWizard"]
[Black "ybabji"]
[Result "0-1"]
[ICCResult "White resigns"]
[WhiteElo "1701"]
[BlackElo "1921"]
[Opening "Queen's pawn game"]
[ECO "D00"]
[NIC "QP.08"]
[Time "14:31:47"]
[PlyCount "68"]
[TimeControl "4500+10"]

1. d4 d5 2. c3 Nf6 3. Bg5 e6 4. Nd2 Be7 5. e3 Nbd7 6. Bd3 c5 7. Ngf3 h6 8.
Bf4 b6 9. e4 cxd4 10. cxd4 dxe4 11. Nxe4 O-O 12. Qd2 Nxe4 13. Bxe4 Ba6 14.
Bxa8 Qxa8 15. d5 Nc5 16. O-O-O Rd8 17. d6 Nd3+ 18. Kb1 Bf6 19. Qe3 Nxb2 20.
Be5 Bxe5 21. Nxe5 Nxd1 22. Rxd1 Qxg2 23. Qc3 Qe4+ 24. Kb2 Qe2+ 25. Rd2 Qb5+
26. Ka1 Rc8 27. Qb2 Qf1+ 28. Qb1 Rc1 29. Rb2 Qe1 30. d7 Rxb1+ 31. Rxb1
Qxe5+ 32. Rb2 Qd4 33. Kb1 Qxd7 34. Rd2 Qxd2 { White resigns } 0-1

[Event "ICC tourney 2397 (75 10)"]
[Site "Internet Chess Club"]
[Date "2021.02.20"]
[Round "2"]
[White "arconsul2"]
[Black "icommai"]
[Result "0-1"]
[ICCResult "White resigns"]
[WhiteElo "1726"]
[BlackElo "1880"]
[Opening "Queen's pawn, Mason variation, Steinitz counter-gambit"]
[ECO "D00"]
[NIC "QP.08"]
[Time "14:31:48"]
[PlyCount "76"]
[TimeControl "4500+10"]

1. d4 d5 2. Bf4 c5 3. c3 cxd4 4. cxd4 Qb6 5. Qd2 Nc6 6. e3 Nf6 7. Nc3 Bf5
8. a3 e6 9. Nf3 Ne4 10. Nxe4 Bxe4 11. Be2 Na5 12. Qc3 Nb3 13. Bc7 Rc8 14.
Bxb6 Rxc3 15. bxc3 Nxa1 16. Bb5+ Ke7 17. Bxa7 Nc2+ 18. Kd2 Nxa3 19. Bc5+
Kf6 20. Bxa3 Bxa3 21. Bd3 Bxd3 22. Kxd3 Rc8 23. Rb1 Rc7 24. Nd2 Ke7 25. f3
Kd7 26. e4 Kc8 27. c4 dxc4+ 28. Nxc4 Be7 29. Nb6+ Kd8 30. Nc4 Kc8 31. Nb6+
Kd8 32. Ra1 Rc6 33. Nc4 Ra6 34. Rb1 Kc7 35. g3 Ra2 36. h3 Rg2 37. Na5 b6
38. g4 bxa5 { White resigns } 0-1

[Event "ICC tourney 2397 (75 10)"]
[Site "Internet Chess Club"]
[Date "2021.02.20"]
[Round "2"]
[White "FL2009"]
[Black "kwen2008"]
[Result "1-0"]
[ICCResult "Black resigns"]
[WhiteElo "1820"]
[BlackElo "1728"]
[Opening "Giuoco Piano: Anderssen variation"]
[ECO "C54"]
[NIC "IG.02"]
[Time "14:32:40"]
[PlyCount "97"]
[TimeControl "4500+10"]

1. e4 e5 2. Nf3 Nc6 3. Bc4 Bc5 4. c3 Nf6 5. d4 exd4 6. e5 d5 7. Bb5 Ne4 8.
cxd4 Bb4+ 9. Bd2 Nxd2 10. Nbxd2 O-O 11. Bxc6 bxc6 12. O-O c5 13. a3 Bxd2
14. Qxd2 cxd4 15. Qxd4 Bb7 16. Rfd1 Qe7 17. Rac1 Rfc8 18. b4 a5 19. Rc5
axb4 20. Qxb4 Rab8 21. Rdc1 c6 22. h3 Qe8 23. Qc3 Rc7 24. Rd1 Rd7 25. Nd2
Qe6 26. Nb3 Re7 27. f4 Qh6 28. Qc1 Ree8 29. Na5 Qh4 30. Nxb7 Rxb7 31. Rxc6
Rd8 32. Rc8 Rd7 33. Qc6 Rxc8 34. Qxd7 Rd8 35. Qg4 Qxg4 36. hxg4 Kf8 37. a4
Ra8 38. Ra1 Ke7 39. Kf2 Kd7 40. a5 Kc6 41. a6 Kb6 42. a7 Rxa7 43. Rxa7 Kxa7
44. Ke3 Kb6 45. Kd4 Kc6 46. g5 h6 47. gxh6 gxh6 48. g4 Kd7 49. Kxd5 { Black
resigns } 1-0

[Event "ICC tourney 2397 (75 10)"]
[Site "Internet Chess Club"]
[Date "2021.02.20"]
[Round "2"]
[White "danh07"]
[Black "OctopusYule"]
[Result "1-0"]
[ICCResult "Black resigns"]
[WhiteElo "1876"]
[BlackElo "1799"]
[Opening "Scotch game"]
[ECO "C45"]
[NIC "SO.05"]
[Time "14:31:54"]
[PlyCount "77"]
[TimeControl "4500+10"]

1. e4 e5 2. Nf3 Nc6 3. d4 exd4 4. Nxd4 Bc5 5. Be3 Qf6 6. c3 Nge7 7. Bc4 Ne5
8. Be2 Qg6 9. O-O d6 10. f3 O-O 11. Nd2 d5 12. a4 a5 13. Kh1 dxe4 14. fxe4
Bg4 15. Bf4 Bxe2 16. Qxe2 Bd6 17. Rad1 Rfd8 18. Bxe5 Bxe5 19. Nc4 Bxd4 20.
cxd4 f6 21. Qf3 Nc6 22. Qb3 Kh8 23. d5 Ne5 24. Nxe5 fxe5 25. Rf5 Qe8 26. h3
b6 27. Rc1 Rac8 28. Qg3 Qxa4 29. Rf7 Rg8 30. d6 Qe8 31. Rcxc7 Rxc7 32. Rxc7
Qe6 33. d7 Qd6 34. Qc3 Rd8 35. Qc6 Qd1+ 36. Kh2 Qd2 37. Rc8 Qf4+ 38. Kg1
Qe3+ 39. Kh1 { Black resigns } 1-0

[Event "ICC tourney 2397 (75 10)"]
[Site "Internet Chess Club"]
[Date "2021.02.20"]
[Round "2"]
[White "siddhu"]
[Black "imranchamp"]
[Result "1-0"]
[ICCResult "Black checkmated"]
[WhiteElo "1988"]
[BlackElo "1852"]
[Opening "Sicilian: Nimzovich-Rossolimo attack (with ...g6, without ...d6)"]
[ECO "B31"]
[NIC "SI.31"]
[Time "14:31:52"]
[PlyCount "139"]
[TimeControl "4500+10"]

1. e4 c5 2. Nf3 Nc6 3. Bb5 g6 4. Bxc6 bxc6 5. c3 Bg7 6. O-O Nh6 7. d4 cxd4
8. cxd4 O-O 9. Nc3 f5 10. e5 Nf7 11. Ng5 Nxg5 12. Bxg5 h6 13. Be3 Bb7 14.
f4 Kh7 15. h3 d6 16. Kh2 c5 17. exd6 cxd4 18. Bxd4 Qxd6 19. Bxg7 Qc6 20.
Qe2 Kxg7 21. Qxe7+ Rf7 22. Qe5+ Kh7 23. Rf2 Re8 24. Qb5 Rfe7 25. Qxc6 Bxc6
26. Rd1 Kg7 27. Rd6 Re6 28. Rfd2 g5 29. fxg5 hxg5 30. Kg3 f4+ 31. Kf2 Kf7
32. Rxe6 Rxe6 33. Re2 Rg6 34. Ne4 Bd5 35. a3 Kg7 36. Nc3 Bf7 37. Kf3 Rb6
38. Ke4 Bh5 39. Rd2 Kh6 40. Ke5 f3 41. g4 Bg6 42. Rf2 Rb7 43. Nd5 Rb5 44.
Kd4 Rb8 45. b4 a5 46. Rxf3 axb4 47. axb4 Kg7 48. Rc3 Bf7 49. Rc7 Rd8 50.
Rc5 Rb8 51. b5 Ra8 52. b6 Ra4+ 53. Ke5 Ra3 54. Rb5 Rxh3 55. b7 Bxd5 56.
Kxd5 Rd3+ 57. Ke4 Rd8 58. b8=Q Rxb8 59. Rxb8 Kf7 60. Kf5 Ke7 61. Rb6 Kd7
62. Kxg5 Kc8 63. Rf6 Kd8 64. Kf5 Kc8 65. Ke6 Kb8 66. Rf7 Ka8 67. g5 Kb8 68.
g6 Ka8 69. g7 Kb8 70. g8=Q# { Black checkmated } 1-0

[Event "ICC tourney 2397 (75 10)"]
[Site "Internet Chess Club"]
[Date "2021.02.20"]
[Round "2"]
[White "abi2009"]
[Black "vober6"]
[Result "0-1"]
[ICCResult "White resigns"]
[WhiteElo "1649"]
[BlackElo "1912"]
[Opening "Giuoco Piano"]
[ECO "C50"]
[NIC "IG.02"]
[Time "14:31:49"]
[PlyCount "74"]
[TimeControl "4500+10"]

1. e4 e5 2. Nf3 Nc6 3. Bc4 Bc5 4. O-O Nf6 5. d3 O-O 6. Nc3 h6 7. Be3 Bb6 8.
Qd2 Kh7 9. h3 d6 10. Ne2 Be6 11. Bb3 Qe7 12. Ng3 Rad8 13. Qe2 Ng8 14. Bxb6
axb6 15. c3 g6 16. Bxe6 fxe6 17. d4 exd4 18. cxd4 Rf7 19. Rac1 Rdf8 20. Rc3
Nd8 21. Rfc1 c6 22. a4 Rg7 23. Rb3 Qc7 24. e5 d5 25. Nh2 Rgf7 26. Rf1 c5
27. Qe3 cxd4 28. Qxd4 Nc6 29. Qxb6 Qxe5 30. Nf3 Qf6 31. Re1 Re7 32. a5 e5
33. Rc3 e4 34. a6 exf3 35. Rxe7+ Ngxe7 36. axb7 fxg2 37. Qc7 Qxf2+ { White
resigns } 0-1

[Event "ICC tourney 2397 (75 10)"]
[Site "Internet Chess Club"]
[Date "2021.02.20"]
[Round "2"]
[White "DanielA1926"]
[Black "bcooke01"]
[Result "1-0"]
[ICCResult "Black resigns"]
[WhiteElo "1782"]
[BlackElo "1844"]
[Opening "Grünfeld: modern exchange variation"]
[ECO "D90"]
[NIC "GI.07"]
[Time "14:31:48"]
[PlyCount "137"]
[TimeControl "4500+10"]

1. d4 Nf6 2. Nf3 g6 3. c4 Bg7 4. Nc3 d5 5. cxd5 Nxd5 6. e4 Nxc3 7. bxc3 c5
8. Be3 O-O 9. Be2 Nc6 10. O-O Qc7 11. Rc1 Rd8 12. Qd2 b6 13. Qc2 Bg4 14. d5
Bxf3 15. Bxf3 Ne5 16. Be2 e6 17. f4 exd5 18. fxe5 Bxe5 19. h3 Re8 20. Kh1
dxe4 21. Bb5 Red8 22. Qxe4 Kg7 23. Bf4 Bxf4 24. Qxf4 Qxf4 25. Rxf4 a6 26.
Bc4 Ra7 27. Rcf1 Rf8 28. Bd5 Rd7 29. c4 b5 30. Bc6 Rd2 31. cxb5 axb5 32.
Bxb5 Rxa2 33. Bc4 Ra7 34. Rf6 Rc7 35. g4 g5 36. Kg2 h6 37. Kg3 Ra7 38. Rc6
Ra3+ 39. Kg2 Ra5 40. Rf5 Ra3 41. Rcxc5 Rc3 42. Bf1 Rxc5 43. Rxc5 f6 44.
Rc7+ Rf7 45. Rxf7+ Kxf7 46. Kf3 Kg6 47. Bd3+ Kf7 48. Ke4 Kg6 49. Bc2 h5 50.
Kd5+ Kh6 51. Ke6 hxg4 52. hxg4 Kg7 53. Ba4 Kg6 54. Be8+ Kg7 55. Bh5 f5 56.
Kxf5 Kh6 57. Be8 Kh7 58. Kxg5 Kg7 59. Ba4 Kf8 60. Kh6 Kg8 61. Kg6 Kh8 62.
Kf7 Kh7 63. g5 Kh8 64. Kf6 Kh7 65. Bc2+ Kg8 66. g6 Kh8 67. g7+ Kg8 68. Bb3+
Kh7 69. g8=Q+ { Black resigns } 1-0

[Event "ICC tourney 2397 (75 10)"]
[Site "Internet Chess Club"]
[Date "2021.02.20"]
[Round "2"]
[White "evilking"]
[Black "TheChessShark"]
[Result "1/2-1/2"]
[ICCResult "Game drawn by mutual agreement"]
[WhiteElo "1768"]
[BlackElo "1809"]
[Opening "Philidor's defense"]
[ECO "C41"]
[NIC "KP.10"]
[Time "14:32:01"]
[PlyCount "147"]
[TimeControl "4500+10"]

1. e4 e5 2. Nf3 d6 3. Bc4 c6 4. O-O Be7 5. Nc3 Nf6 6. d3 O-O 7. Bb3 b6 8.
d4 Nbd7 9. Re1 Bb7 10. d5 c5 11. Bc4 h6 12. Bd3 Nh7 13. Ne2 Ng5 14. Ng3 g6
15. h4 Nxf3+ 16. Qxf3 Kg7 17. Qg4 Nf6 18. Qf3 Bc8 19. h5 Ng4 20. c3 Bg5 21.
b4 Bxc1 22. Raxc1 Qh4 23. bxc5 bxc5 24. Rb1 Nh2 25. Qd1 Bg4 26. Be2 Bxe2
27. Qxe2 Ng4 28. Rb7 Kg8 29. Qb5 Nxf2 30. Re3 Ng4 31. Rf3 Qd8 32. Rd7 Qh4
33. hxg6 Rfb8 34. Rb7 Rxb7 35. Qxb7 Rf8 36. Rxf7 Qh2+ 37. Kf1 Ne3+ 38. Ke2
Qxg2+ 39. Kd3 c4+ 40. Kxe3 Qxg3+ 41. Kd2 Qg2+ 42. Kc1 Qxg6 43. Rxf8+ Kxf8
44. Qb8+ Kg7 45. Qxa7+ Qf7 46. Qa6 Qf4+ 47. Kb2 Qd2+ 48. Kb1 Qe1+ 49. Kb2
Qxe4 50. Qxd6 Qe2+ 51. Ka3 e4 52. Qe7+ Kg6 53. d6 Qd3 54. Qe6+ Kh5 55. Qf7+
Kg5 56. Qg7+ Kf5 57. Kb4 Qxd6+ 58. Kxc4 Qe6+ 59. Kd4 e3 60. Qf8+ Kg6 61.
Qf1 e2 62. Qe1 h5 63. Kd3 Qxa2 64. Qxe2 Qd5+ 65. Kc2 h4 66. c4 Qf5+ 67. Kd2
h3 68. Qh2 Qg5+ 69. Kc3 Qc5 70. Qg3+ Qg5 71. Qxh3 Qf6+ 72. Kb4 Qb6+ 73. Kc3
Qf6+ 74. Kb4 { Game drawn by mutual agreement } 1/2-1/2

[Event "ICC tourney 2397 (75 10)"]
[Site "Internet Chess Club"]
[Date "2021.02.20"]
[Round "2"]
[White "Percy101"]
[Black "outpost"]
[Result "0-1"]
[ICCResult "White checkmated"]
[WhiteElo "1898"]
[BlackElo "1795"]
[Opening "Sicilian: Kan, 5.Bd3"]
[ECO "B42"]
[NIC "SI.42"]
[Time "14:32:26"]
[PlyCount "62"]
[TimeControl "4500+10"]

1. e4 c5 2. Nf3 e6 3. d4 cxd4 4. Nxd4 a6 5. Bd3 Qc7 6. O-O Nc6 7. Nb3 Nf6
8. Nc3 b5 9. a3 h5 10. Be2 Bb7 11. f4 Na5 12. Nxa5 Qxa5 13. e5 Qb6+ 14. Kh1
Ng4 15. Bxg4 hxg4 16. Qxg4 Bc5 17. f5 exf5 18. Qxf5 O-O-O 19. Ne4 Qc6 20.
Re1 Rh4 21. Bf4 Rdh8 22. b4 R4h5 23. Qxf7 Rxh2+ 24. Bxh2 Qh6 25. Nd6+ Bxd6
26. Kg1 Qxh2+ 27. Kf2 Qxg2+ 28. Ke3 Qe4+ 29. Kd2 Rh2+ 30. Kc3 Rxc2+ 31. Kb3
Qd3# { White checkmated } 0-1

[Event "ICC tourney 2397 (75 10)"]
[Site "Internet Chess Club"]
[Date "2021.02.20"]
[Round "2"]
[White "clair"]
[Black "bonnelleo1"]
[Result "1-0"]
[ICCResult "Black resigns"]
[WhiteElo "1723"]
[BlackElo "1823"]
[Opening "Queen's pawn, Mason variation"]
[ECO "D00"]
[NIC "QP.08"]
[Time "14:31:47"]
[PlyCount "111"]
[TimeControl "4500+10"]

1. d4 d5 2. Bf4 Nf6 3. e3 c5 4. c3 cxd4 5. exd4 Qb6 6. Qb3 Nc6 7. Qxb6 axb6
8. Na3 Na7 9. Nf3 e6 10. Nc2 Bd7 11. Ne5 Nc6 12. Be2 Be7 13. f3 O-O 14. g4
Rfd8 15. Nxd7 Nxd7 16. a3 f6 17. O-O-O Rac8 18. Kb1 Nf8 19. h4 e5 20. dxe5
fxe5 21. Bg3 Ne6 22. Ne3 Nc7 23. Nf5 Bf8 24. h5 g6 25. hxg6 hxg6 26. Ne3
Be7 27. Nxd5 Nxd5 28. Bc4 Kg7 29. Bxd5 Bf6 30. f4 exf4 31. Bxf4 g5 32. Be3
b5 33. Rh5 Ne7 34. Bf3 Rxd1+ 35. Bxd1 Rh8 36. Rxh8 Kxh8 37. Be2 Nd5 38. Bd2
Nc7 39. Kc2 Kg7 40. Bf3 b6 41. Be3 b4 42. axb4 b5 43. Be2 Nd5 44. Bc5 Nc7
45. b3 Kf7 46. c4 Ke6 47. Bd3 bxc4 48. bxc4 Kd7 49. Bf5+ Kc6 50. Kd3 Be5
51. Be7 Bf4 52. Ke4 Bd2 53. b5+ Nxb5 54. cxb5+ Kxb5 55. Bd7+ Kc4 56. Kf5 {
Black resigns } 1-0

[Event "ICC tourney 2397 (75 10)"]
[Site "Internet Chess Club"]
[Date "2021.02.20"]
[Round "2"]
[White "vishalanil"]
[Black "Nikhilp"]
[Result "0-1"]
[ICCResult "White checkmated"]
[WhiteElo "1838"]
[BlackElo "1751"]
[Opening "Two knights defense (Modern bishop's opening)"]
[ECO "C55"]
[NIC "IG.01"]
[Time "14:32:02"]
[PlyCount "102"]
[TimeControl "4500+10"]

1. e4 e5 2. Nf3 Nc6 3. Bc4 Nf6 4. d3 Be7 5. c3 O-O 6. O-O d6 7. h3 Na5 8.
Bb3 Nxb3 9. axb3 a6 10. Nbd2 c5 11. Re1 Re8 12. Nf1 h6 13. Ng3 Bf8 14. Be3
d5 15. exd5 Nxd5 16. Bd2 Bd6 17. Ra4 Bd7 18. Rae4 Qc7 19. Qc1 Nf4 20. Bxf4
exf4 21. Rxe8+ Rxe8 22. Rxe8+ Bxe8 23. Ne4 Bc6 24. Nfd2 Be7 25. Nf3 f5 26.
Ned2 g5 27. Qe1 Kf7 28. Ne5+ Kf6 29. Nxc6 Qxc6 30. Qe2 Qe6 31. Qd1 b5 32.
Nf3 g4 33. hxg4 fxg4 34. Nd2 h5 35. Ne4+ Kg6 36. Qc2 Qf5 37. c4 b4 38. Qe2
f3 39. Qf1 Bd8 40. g3 Bc7 41. Qa1 a5 42. Qa4 Qe6 43. Qb5 Bb6 44. Kh1 h4 45.
gxh4 g3 46. Kg1 g2 47. d4 Qxe4 48. Qxb6+ Kh5 49. Qxc5+ Kxh4 50. Qe5 Qb1+
51. Kh2 g1=Q# { White checkmated } 0-1

[Event "ICC tourney 2397 (75 10)"]
[Site "Internet Chess Club"]
[Date "2021.02.20"]
[Round "2"]
[White "corviknight"]
[Black "adwaysane"]
[Result "1-0"]
[ICCResult "Black checkmated"]
[WhiteElo "1802"]
[BlackElo "1716"]
[Opening "Giuoco Piano"]
[ECO "C50"]
[NIC "IG.02"]
[Time "14:31:55"]
[PlyCount "85"]
[TimeControl "4500+10"]

1. e4 e5 2. Nf3 Nc6 3. Bc4 Bc5 4. O-O Nf6 5. d3 h6 6. Nbd2 O-O 7. h3 Re8 8.
c3 d6 9. Re1 a6 10. Bb3 b5 11. Nf1 Ne7 12. Ng3 Ng6 13. d4 Bb6 14. Bc2 c5
15. d5 Qc7 16. a4 Bd7 17. Bd2 Rec8 18. Qc1 Qd8 19. Ra2 Ra7 20. b3 bxa4 21.
c4 axb3 22. Bxb3 a5 23. Bc2 a4 24. Nf5 Bxf5 25. exf5 Nf4 26. Bxf4 exf4 27.
Qxf4 Rca8 28. g4 Ne8 29. h4 Ba5 30. Rd1 Bc3 31. g5 h5 32. Nh2 a3 33. Qf3
Bb2 34. Qxh5 Qe7 35. Ng4 Qd7 36. f6 g6 37. Bxg6 fxg6 38. Qxg6+ Ng7 39. Nh6+
Kf8 40. Qh7 Bxf6 41. gxf6 Qf7 42. Qh8+ Qg8 43. Qxg8# { Black checkmated }
1-0

[Event "ICC tourney 2397 (75 10)"]
[Site "Internet Chess Club"]
[Date "2021.02.20"]
[Round "2"]
[White "funpawn"]
[Black "xyzchessdude"]
[Result "0-1"]
[ICCResult "White checkmated"]
[WhiteElo "1795"]
[BlackElo "1987"]
[Opening "Sicilian"]
[ECO "B56"]
[NIC "SI.25"]
[Time "14:31:55"]
[PlyCount "186"]
[TimeControl "4500+10"]

1. e4 c5 2. Nf3 Nc6 3. d4 cxd4 4. Nxd4 Nf6 5. Nc3 d6 6. f3 e5 7. Nb3 Be7 8.
Be3 O-O 9. Qd2 a5 10. Bb5 Be6 11. O-O-O Na7 12. Bxa7 Rxa7 13. a4 Ra8 14.
Kb1 Qc7 15. g4 Rfd8 16. Qe3 d5 17. exd5 Nxd5 18. Nxd5 Rxd5 19. Rxd5 Bxd5
20. Rd1 Be6 21. h3 Rc8 22. Qd3 b6 23. Ba6 Rd8 24. Qe2 h6 25. Rxd8+ Bxd8 26.
Qd3 Bg5 27. Bb5 g6 28. Nd2 Qd8 29. Qxd8+ Bxd8 30. c3 Bd5 31. Be2 Kg7 32.
Kc2 f5 33. b4 Kf6 34. h4 e4 35. gxf5 gxf5 36. fxe4 fxe4 37. bxa5 bxa5 38.
Nf1 Ke5 39. h5 Kf4 40. Kd2 Bb6 41. Nh2 Be6 42. c4 Bd4 43. Ke1 Bg1 44. Nf1
Bc5 45. Kd2 Bb4+ 46. Kc2 Bf7 47. Kb2 Be6 48. Kc2 Bc5 49. Kd2 Bd7 50. Bd1
e3+ 51. Nxe3 Bxe3+ 52. Kd3 Bf5+ 53. Kc3 Bc5 54. Be2 Ke3 55. Bd1 Bb4+ 56.
Kb3 Kd4 57. Bf3 Bd3 58. Bd5 Bc5 59. Bf7 Be2 60. Be8 Bxc4+ 61. Kb2 Bb4 62.
Bd7 Be2 63. Be8 Bd1 64. Kc1 Bg4 65. Kc2 Bf5+ 66. Kb3 Bg4 67. Kc2 Ke5 68.
Kd3 Kf4 69. Kd4 Kg5 70. Ke4 Bxh5 71. Bb5 Bg4 72. Ke3 Bc5+ 73. Kd2 h5 74.
Ke1 Bf3 75. Kf1 h4 76. Bd7 Kf4 77. Bh3 Kg3 78. Bd7 h3 79. Bxh3 Kxh3 80. Ke1
Bc6 81. Kd2 Bxa4 82. Kc3 Bb4+ 83. Kb2 Kg3 84. Ka2 Kf3 85. Kb2 Ke3 86. Ka2
Kd2 87. Kb2 Bc2 88. Ka2 Bd6 89. Kb2 a4 90. Ka2 Be4 91. Ka1 Kc2 92. Ka2 Bd5+
93. Ka1 Be5# { White checkmated } 0-1

[Event "ICC tourney 2397 (75 10)"]
[Site "Internet Chess Club"]
[Date "2021.02.20"]
[Round "3"]
[White "OctopusYule"]
[Black "karuto2006"]
[Result "1/2-1/2"]
[ICCResult "Game drawn by mutual agreement"]
[WhiteElo "1799"]
[BlackElo "1774"]
[Opening "Ruy Lopez: closed, Breyer, Borisenko variation"]
[ECO "C95"]
[NIC "RL.25"]
[Time "18:02:29"]
[PlyCount "23"]
[TimeControl "4500+10"]

1. e4 e5 2. Nf3 Nc6 3. Bb5 a6 4. Ba4 Nf6 5. O-O Be7 6. Re1 b5 7. Bb3 d6 8.
c3 O-O 9. h3 Nb8 10. d4 Nbd7 11. Nbd2 c5 12. d5 { Game drawn by mutual
agreement } 1/2-1/2

[Event "ICC tourney 2397 (75 10)"]
[Site "Internet Chess Club"]
[Date "2021.02.20"]
[Round "3"]
[White "ybabji"]
[Black "rockinroll"]
[Result "1-0"]
[ICCResult "Black resigns"]
[WhiteElo "1921"]
[BlackElo "1784"]
[Opening "Scandinavian: Pytel-Wade variation"]
[ECO "B01"]
[NIC "SD.02"]
[Time "18:02:22"]
[PlyCount "49"]
[TimeControl "4500+10"]

1. e4 d5 2. exd5 Qxd5 3. Nc3 Qd6 4. d4 c6 5. Nf3 Bg4 6. Be3 Nf6 7. h3 Bh5
8. a3 e6 9. Qd2 Qc7 10. Ne5 Nbd7 11. Nc4 Nd5 12. Nxd5 exd5 13. Bf4 Qd8 14.
Qe3+ Be7 15. Nd6+ Kf8 16. Bd3 Bg6 17. Nxb7 Qb6 18. Nd6 Qxb2 19. O-O Bf6 20.
Rae1 Qb8 21. Nxf7 Bxf7 22. Bxb8 Rxb8 23. Qf4 Rd8 24. Qd6+ Kg8 25. Re7 {
Black resigns } 1-0